 Dungeon Crawl Stone Soup version 0.30-a0-2-gf48d83f5e2 (webtiles) character file.

Game seed: 9782891900977260074

69 kae the Firebug (level 4, 0/25 HPs)
             Began as a Deep Elf Fire Elementalist on Aug 19, 2022.
             Slain by a scorpion (6 damage)
             ... on level 3 of the Dungeon.
             The game lasted 00:00:59 (1752 turns).

kae the Firebug (Deep Elf Fire Elementalist)        Turns: 1752, Time: 00:00:59

Health: 0/25       AC:  2    Str:  5    XL:     4   Next: 2%
Magic:  5/11       EV: 13    Int: 22    God:
Gold:   149        SH:  0    Dex: 15    Spells: 3/9 levels left

rFire   . . .      SeeInvis .    f - +2 whip (freeze)
rCold   . . .      Faith    .    (no shield)
rNeg    . . .      Spirit   .    a - +0 robe
rPois   .          Reflect  .    (no helmet)
rElec   .          Harm     .    (no cloak)
rCorr   .          Rampage  .    (no gloves)
Will    .....                    (no boots)
Stlth   ++........               (no amulet)
HPRegen 0.08/turn                (no ring)
MPRegen 0.12/turn                (no ring)

@: lethally poisoned (0 -> -6)
A: no striking features
a: no special abilities


You were on level 3 of the Dungeon.
You visited 1 branch of the dungeon, and saw 3 of its levels.

You collected 149 gold pieces.


   Skills:
 + Level 1.1 Fighting
 + Level 3.0 Dodging
 - Level 2.4 Stealth
 + Level 3.4 Spellcasting
 * Level 2.4 Conjurations
 * Level 3.9 Fire Magic


You had 3 spell levels left.
You knew the following spells:

 Your Spells              Type           Power      Damage    Failure   Level
a - Foxfire               Conj/Fire      68%        2x1d7     3%          1
b - Scorch                Fire           42%        2d7       3%          2
c - Conjure Flame         Conj/Fire      17%        6-21      10%         3

Your spell library contained the following spells:

 Spells                   Type           Power      Damage    Failure   Level
 Inner Flame              Hex/Fire       12%        N/A       16%         3
 Gell's Gravitas          Tloc           3%         N/A       34%         3
 Lesser Beckoning         Tloc           3%         N/A       34%         3
 Teleport Other           Tloc           3%         N/A       34%         3
 Flame Wave               Conj/Fire      17%        2d7       32%         4

Inventory:

Hand Weapons
 f - a +2 whip of freezing (weapon)
   (You found it on level 2 of the Dungeon)
Missiles
 d - 5 curare-tipped darts {=f}
 g - 21 stones
Armour
 a - a +0 robe (worn)
Potions
 b - a potion of magic
 c - 3 potions of curing {unknown}
 e - a potion of haste {unknown}
 h - 2 potions of ambrosia {unknown}

Dungeon Overview and Level Annotations

Branches:
Dungeon (3/15) Zot: 16247

Altars:

#. #.
#####.#########
...............
#............#
#............#
#......s.[...#
#@## ### #..##
....##..##
#..###..##
#........#
.#.....).### #.
.........#.#....
.#.#............
# #.....#.#....


You could see a scorpion (combustible).


Message History

An endoplasm comes into view. 😎 MP[+1]
An endoplasm is nearby!
An endoplasm is nearby!
Casting: Foxfire (safe; 3% risk of failure)
Confirm with . or Enter, or press ? or * to list all spells.
You conjure some foxfire!
The endoplasm quivers.
The foxfire hits the endoplasm. 😎 MP[-1]
You lost 1 mp, and now have 5/9 mp.
Casting: Foxfire (safe; 3% risk of failure)
Confirm with . or Enter, or press ? or * to list all spells.
You conjure some foxfire!
The foxfire hits the endoplasm.
You kill the endoplasm!
Your Dodging skill increases to level 3!
A rat comes into view.
The rat moves out of view.
You see here a jackal corpse. 😎 MP[+2]
You regained 2 mp, and now have 7/9 mp.
A quokka comes into view.
A quokka is nearby!
A quokka is nearby!
Casting: Foxfire (safe; 3% risk of failure)
Confirm with . or Enter, or press ? or * to list all spells.
You conjure some foxfire!
The foxfire hits the quokka.
You kill the quokka! 😎 MP[-1]
You lost 1 mp, and now have 6/9 mp.
You see here a quokka corpse.
A bat comes into view.
You see here a +0 robe. 😎 MP[+1]
A bat is nearby!
A bat is nearby!
Casting: Foxfire (safe; 3% risk of failure)
Confirm with . or Enter, or press ? or * to list all spells.
You conjure some foxfire!
Casting: Foxfire (safe; 3% risk of failure)
Confirm with . or Enter, or press ? or * to list all spells.
You conjure some foxfire!
The foxfire hits the bat.
You kill the bat!
You have reached level 4!
You feel clever. 😎 HP[+5]
You now have 25 max hp (+5).
Your hp is fully restored (25).
A kobold comes into view. It is wielding a +0 short sword.
A kobold is nearby!
A kobold is nearby!
The foxfire hits the kobold.
You kill the kobold!
No target in view!
No target in view!
No target in view!
No target in view!
No target in view!
No target in view!
No target in view!
You now have 136 gold pieces (gained 15).
You now have 149 gold pieces (gained 13).
A scorpion comes into view. 😎 MP[+4]
Your mp is fully restored (11).
A scorpion is nearby!
The scorpion closely misses you.
You hit the scorpion. You freeze the scorpion.
The scorpion stings you. 😕 HP[-2]
You take 2 damage, and now have 23/25 hp.
A scorpion is nearby!
Casting: Foxfire (safe; 3% risk of failure)
Confirm with . or Enter, or press ? or * to list all spells.
Flames lash the scorpion.
The scorpion's fire resistance burns away.
The scorpion stings you but does no damage.
The scorpion stings you. 😮 HP[-6] MP[-2]
You take 6 damage, and now have 17/25 hp.
MASSIVE DAMAGE!! (PAUSE)
You lost 2 mp, and now have 9/11 mp.
Casting: Scorch (safe; 3% risk of failure)
Confirm with . or Enter, or press ? or * to list all spells.
Flames lash the scorpion.
The scorpion is burned terribly!
The scorpion stings you. x2
* * * LOW HITPOINT WARNING * * *
The scorpion stings you.
* * * LOW HITPOINT WARNING * * *
You are lethally poisoned!
The scorpion poisons you! 😨 HP[-9] MP[-2]
You take 9 damage, and now have 8/25 hp.
MASSIVE DAMAGE!! (PAUSE)
You lost 2 mp, and now have 7/11 mp.
Casting: Scorch (safe; 3% risk of failure)
Confirm with . or Enter, or press ? or * to list all spells.
Flames lash the scorpion but do no damage.
* * * LOW HITPOINT WARNING * * *
You feel sick. The scorpion stings you.
You die...

Skill      XL: |  1  2  3 |
---------------+----------+-----
Conjurations   | 2 |  2.4
Fighting       | 1 |  1.1
Dodging        | 3 |  3.0
Stealth        | |  2.4
Spellcasting   | |  3.4
Fire Magic     | |  3.9

Action                   |  1- 3 |  4- 6 || total
-------------------------+-------+-------++-------
Melee: Whip              |     4 |     1 ||     5
 Cast: Foxfire           |    67 |       ||    67
       Scorch            |     1 |     3 ||     4
  Use: Scroll            |     3 |       ||     3
Armor: Robe              |     6 |     1 ||     7
Dodge: Dodged            |     6 |     1 ||     7

Levels and vault maps discovered:
D:1:      zelgadis_glass_arrival_small, layout_basic,
          dilly_ecumenical_altar_fadedgnrine
D:2:      layout_rooms, corexii_leaking_fountain
D:3:      layout_basic, lemuel_doored_altar, nicolae_figureground_sparkle

Notes
Turn   | Place    | Note
-------+----------+-------------------------------------------
     0 | D:1      | kae the Deep Elf Fire Elementalist began the quest for the
                  | Orb.
     0 | D:1      | Reached XP level 1. HP: 10/10 MP: 6/6
     0 | D:1      | magus.rc [v1.11.3]
   385 | D:1      | Reached XP level 2. HP: 16/16 MP: 4/8
   744 | D:1      | You pick up a book of Displacement and begin reading...
   744 | D:1      | You add the spells Lesser Beckoning, Gell's Gravitas and
                  | Teleport Other to your library.
   890 | D:1      | Found a faded altar of an unknown god.
   920 | D:2      | Learned a level 2 spell: Scorch
   931 | D:2      | Reached skill level 2 in Conjurations
   931 | D:2      | Reached XP level 3. HP: 20/20 MP: 5/9
   935 | D:2      | Learned a level 3 spell: Conjure Flame
  1656 | D:3      | Reached skill level 1 in Fighting
  1669 | D:3      | Reached skill level 3 in Dodging
  1711 | D:3      | Reached XP level 4. HP: 25/25 MP: 7/11
  1743 | D:3      | Noticed a scorpion
  1752 | D:3      | HP: 6/25 [poisoned by a scorpion]
  1752 | D:3      | Slain by a scorpion

Vanquished Creatures
  2 adders
  A dart slug (D:1)
  2 ball pythons (D:1)
  An endoplasm (D:3)
  2 giant cockroaches
  8 goblins
  5 hobgoblins
  7 jackals
  4 kobolds
  A quokka (D:3)
  6 bats
  A frilled lizard (D:2)
  2 rats (D:1)
42 creatures vanquished.

Vanquished Creatures (others)
  110 foxfires
110 creatures vanquished.

Grand Total: 152 creatures vanquished

Table legend:
 A = Non-vault XP
 B = Vault XP
 C = Vault XP percentage of total XP
 D = Non-vault monster count
 E = Vault monster count
 F = Vault count percentage of total count
                 A         B        C        D         E       F
            +---------+---------+-------+---------+---------+-------
      Total |      99 |       0 |   0.0 |      42 |       0 |   0.0
            +---------+---------+-------+---------+---------+-------
        D:1 |      26 |       0 |   0.0 |      14 |       0 |   0.0
        D:2 |      44 |       0 |   0.0 |      18 |       0 |   0.0
        D:3 |      29 |       0 |   0.0 |      10 |       0 |   0.0
            +---------+---------+-------+---------+---------+-------

Illustrated notes

Table legend:
 A = Kills in this place as a percentage of kills in entire the game.
 B = Kills by you in this place as a percentage of kills by you in the entire game.
 C = Kills by friends in this place as a percentage of kills by friends in the entire game.
 D = Other kills in this place as a percentage of other kills in the entire game.
 E = Experience gained in this place as a percentage of experience gained in the entire game.
 F = Experience gained in this place divided by the number of levels of this place that you have seen.
                   A       B       C       D       E      F
               +-------+-------+-------+-------+-------+----------------------
         Total | 100.0 | 100.0 |   N/A |   N/A | 100.0 |  33.0
       Dungeon | 100.0 | 100.0 |   N/A |   N/A | 100.0 |  33.0
               +-------+-------+-------+-------+-------+----------------------

Table legend: (Time is in decaauts)
 A = Elapsed time spent in this place.
 B = Non-inter-level travel time spent in this place.
 C = Inter-level travel time spent in this place.
 D = Time resting spent in this place.
 E = Time spent auto-exploring this place.
 F = Levels seen in this place.
 G = Mean time per level.
                   A        B        C        D        E       F      G
               +--------+--------+--------+--------+--------+-----+--------+
         Total |   1751 |   1706 |     45 |      0 |   1460 |   3 |  583.7 |
       Dungeon |   1751 |   1706 |     45 |      0 |   1460 |   3 |  583.7 |
               +--------+--------+--------+--------+--------+-----+--------+

Top non-repeatable levels by time:
     D:1: 913 daAuts
     D:2: 616 daAuts
     D:3: 221 daAuts
